 Dungeon Crawl Stone Soup version 0.25-a0-544-gee0576305d (webtiles) character file.

Game seed: 5682412413067150494, levelgen mode: deterministic

704 Gargoyl the Skirmisher (level 7, 0/59 HPs)
             Began as a Centaur Abyssal Knight on Feb 20, 2020.
             Was a Priest of Lugonu.
             Slain by Prince Ribbit (11 damage)
             ... on level 5 of the Dungeon.
             The game lasted 00:05:20 (5426 turns).

Gargoyl the Skirmisher (Centaur Abyssal Knight)     Turns: 5426, Time: 00:05:20

Health: 0/59       AC: 11    Str: 20    XL:     7   Next: 39%
Magic:  9/9        EV:  6    Int: 11    God:    Lugonu [***...]
Gold:   112        SH:  0    Dex: 10    Spells: 6/6 levels left

rFire    . . .     SeeInvis .   p - +3 battleaxe (curse)
rCold    + . .     Gourm    .   (shield currently unavailable)
rNeg     . . .     Faith    .   o - +0 chain mail
rPois    .         Spirit   .   (no helmet)
rElec    .         Reflect  .   q - +0 cloak
rCorr    .         Harm     .   d - +1 pair of gloves
MR       .....                  (no barding)
Stlth    ..........             e - amulet of the acrobat
HPRegen  0.19/turn              m - ring of protection from cold
MPRegen  0.11/turn              (no ring)

@: mighty, very quick
A: large, hooves 3, deformed body, speed 2, tough skin 3
a: Depart the Abyss, Bend Space, Banish, Renounce Religion


You were on level 5 of the Dungeon.
You worshipped Lugonu.
Lugonu was most pleased with you.
You were very hungry.

You visited 1 branch of the dungeon, and saw 5 of its levels.
You visited the Abyss 1 time.

You collected 112 gold pieces.

Inventory:

Hand Weapons
 a - a +2 hand axe
 p - a cursed +3 battleaxe (weapon)
Armour
 d - a +1 pair of gloves (worn)
 o - a +0 chain mail (worn)
 q - a +0 cloak (worn)
Jewellery
 e - an amulet of the acrobat (around neck)
 m - a ring of protection from cold (left hand)
Wands
 n - a wand of random effects (6)
 r - a wand of digging (4)
Scrolls
 b - a scroll of identify
 g - 2 scrolls of fear
 i - 3 scrolls of teleportation
 l - a scroll of immolation {unknown}
Potions
 h - a potion of magic
 k - 2 potions of resistance
Comestibles
 c - 6 rations


   Skills:
 + Level 4.1 Fighting
 + Level 4.0 Axes
 * Level 3.8 Armour
 * Level 2.1 Dodging
 * Level 3.9 Invocations


You had 6 spell levels left.
You didn't know any spells.
Your spell library was empty.

Dungeon Overview and Level Annotations

Branches:
Dungeon (5/15)
 Temple: D:4-7

Altars:
Fedhas

Annotations:
D:5 Prince Ribbit


Innate Abilities, Weirdness & Mutations

You have hooves in place of feet.
Armour fits poorly on your strangely shaped body.
You cover ground very quickly.
You have extremely tough skin. (AC +3)


Message History

Prince Ribbit is heavily wounded.
Prince Ribbit hits you!
Prince Ribbit blinks!
Prince Ribbit catches a small bird with his tongue.
Prince Ribbit blinks!
Found a scroll of identify.
Prince Ribbit croaks regally.
Found 9 gold pieces.
Prince Ribbit blinks!
There is a stone staircase leading down here.
A crimson imp comes into view.
The crimson imp shouts!
Found a ration.
Prince Ribbit hits you!
* * * LOW HITPOINT WARNING * * *
You completely miss Prince Ribbit. Your kick misses Prince Ribbit.
Prince Ribbit is heavily wounded.
Prince Ribbit hits you.
* * * LOW HITPOINT WARNING * * *
Prince Ribbit hits you!
You die...

#.....###
#...%...##
#........ .......
..... #5.$ #.F#
##### #@# #....
#.# #.... #.##
##..). #>.# #(..##
#..### #...#
#....##### #)..#
##...>...####...##
#...###........)..
#..###
###...(.....


You could see Prince Ribbit and a crimson imp.

Vanquished Creatures
  Menkaure (D:4)
  A centaur (D:5)
  4 wights
  A bullfrog zombie (D:3)
  2 orc priests (D:4)
  Ijyb (D:4)
  An iguana (D:5)
  An orc wizard (D:5)
  7 adders
  3 gnolls (D:3)
  An ooze (D:1)
  3 worms
  2 dart slugs (D:1)
  3 leopard geckos
  6 orcs
  3 ball pythons
  8 bats
  4 giant cockroaches
  4 goblins
  7 hobgoblins
  3 jackals (D:1)
  5 frilled lizards
  A jackal skeleton (D:4)
  5 kobolds
  9 rats
86 creatures vanquished.

Notes
Turn   | Place    | Note
-------+----------+-------------------------------------------
     0 | Abyss:1  | Gargoyl the Centaur Abyssal Knight began the quest for the
                  | Orb.
     0 | Abyss:1  | Reached XP level 1. HP: 19/19 MP: 2/2
    48 | Abyss:1  | Noticed a small abomination
   114 | Abyss:1  | Noticed an Executioner
   120 | D:1      | Escaped the Abyss
   354 | D:1      | Reached XP level 2. HP: 7/26 MP: 3/3
   628 | D:1      | Reached * piety under Lugonu
   887 | D:1      | Reached skill level 1 in Dodging
  1025 | D:1      | Reached XP level 3. HP: 27/31 MP: 4/4
  1621 | D:2      | Found a faded altar of an unknown god.
  1717 | D:2      | Reached XP level 4. HP: 38/38 MP: 5/5
  1759 | D:2      | Reached ** piety under Lugonu
  2273 | D:2      | Found a blossoming altar of Fedhas.
  2891 | D:3      | Reached XP level 5. HP: 35/46 MP: 7/7
  3434 | D:4      | Noticed Ijyb
  3450 | D:4      | Killed Ijyb
  3721 | D:4      | Reached XP level 6. HP: 29/52 MP: 8/8
  4481 | D:4      | Noticed Menkaure
  4487 | D:4      | Killed Menkaure
  4830 | D:4      | Reached XP level 7. HP: 59/59 MP: 9/9
  4836 | D:4      | Reached *** piety under Lugonu
  4966 | D:5      | Entered Level 5 of the Dungeon
  5158 | D:5      | Noticed Prince Ribbit
  5426 | D:5      | Slain by Prince Ribbit

Levels and vault maps discovered:
D:1:      elethiomel_arrival_quiet, layout_loops_corners, solitary_fountain,
          wad_floor_pattern_1
D:2:      layout_basic, chequers_ecumenical_altar_simple, fedhas_altar_2
D:3:      layout_rooms, feat_on_display
D:4:      lemuel_upstairs_altar, layout_basic, first_ration, uniq_ijyb,
          uniq_menkaure
D:5:      layout_layer_cave, marbit_many_paths, temple_pool_b,
          nicolae_underground_beach, uniq_prince_ribbit1

Skill      XL: |  1  2  3  4  5  6  7 |
---------------+----------------------+-----
Axes           | 2 3 4 |  4.0
Dodging        | 1 2 |  2.1
Armour         | 2 3 |  3.8
Invocations    | 3 |  3.9
Fighting       | 4 |  4.1

Action                   |  1- 3 |  4- 6 |  7- 9 || total
-------------------------+-------+-------+-------++-------
Melee: Hand axe          |    76 |   128 |       ||   204
       Kick              |    13 |    22 |    10 ||    45
       Battleaxe         |       |    14 |    37 ||    51
Invok: Depart the Abyss  |     1 |       |       ||     1
  Use: Scroll            |     8 |     3 |       ||    11
       Potion            |       |       |     1 ||     1
  Eat: Chunk             |     2 |     2 |       ||     4
       Ration            |       |     2 |       ||     2
Armor: Leather armour    |    13 |       |       ||    13
       Ring mail         |    39 |    60 |       ||    99
       Chain mail        |       |     2 |    24 ||    26
Dodge: Dodged            |    43 |    97 |    29 ||   169

Table legend:
 A = Non-vault XP
 B = Vault XP
 C = Vault XP percentage of total XP
 D = Non-vault monster count
 E = Vault monster count
 F = Vault count percentage of total count
                 A         B        C        D         E       F
            +---------+---------+-------+---------+---------+-------
      Total |     812 |     195 |  19.4 |      84 |       2 |   2.3
            +---------+---------+-------+---------+---------+-------
        D:1 |      55 |       0 |   0.0 |      26 |       0 |   0.0
        D:2 |      96 |       0 |   0.0 |      21 |       0 |   0.0
        D:3 |     188 |       0 |   0.0 |      22 |       0 |   0.0
        D:4 |     282 |     195 |  40.9 |      10 |       2 |  16.7
        D:5 |     191 |       0 |   0.0 |       5 |       0 |   0.0
            +---------+---------+-------+---------+---------+-------
